 Dungeon Crawl Stone Soup version 0.21-a0-578-gc6e9d75 (webtiles) character file.

13411 slep the Cleaver (level 11, -14/86 HPs)
             Began as a Demonspawn Gladiator on Dec 19, 2017.
             Was a High Priest of Okawaru.
             Demolished by a vault guard
             ... wielding a cursed -3 great sword
              (22 damage)
             ... on level 11 of the Dungeon.
             The game lasted 00:49:13 (9451 turns).

slep the Cleaver (Demonspawn Gladiator)             Turns: 9451, Time: 00:49:14

Health: -14/86     AC:  5    Str: 22    XL:     11   Next: 75%
Magic:  0/11       EV: 17    Int: 10    God:    Okawaru [*****.]
Gold:   565        SH:  0    Dex: 27    Spells: 9/10 levels left

rFire    . . .     SeeInvis .   P - +6 broad axe "Kunir" {protect, *Rage rPois Dex+4}
rCold    . . .     Gourm    .   (no shield)
rNeg     . . .     Faith    .   B - +0 leather armour "Ickan" {Str+4 Dex+6} (curse)
rPois    +         Spirit   +   (helmet restricted)
rElec    .         Reflect  .   (no cloak)
rCorr    .         Harm     .   (no gloves)
MR       .....     Rnd*Rage +   Z - +0 pair of boots
Stlth    +++.......             (no amulet)
HPRegen  0.24/turn              p - +3 ring of strength
MPRegen  0.12/turn              c - ring of poison resistance

@: berserk cooldown, slowed, very slow
A: antennae 1, spiny 3, magic shield
a: Heroism, Finesse, Renounce Religion


You were on level 11 of the Dungeon.
You worshipped Okawaru.
Okawaru was extremely pleased with you.
You were very hungry.

You visited 2 branches of the dungeon, and saw 12 of its levels.
You also visited: Ossuary.

You collected 565 gold pieces.

Inventory:

Hand Weapons
 h - the +1 broad axe "Saclush" {chop, MR+}
   (Okawaru gifted it to you on level 10 of the Dungeon)

   It inflicts extra damage upon your enemies.
   It affects your resistance to hostile enchantments.
 y - a +3 hand axe of electrocution
 P - the +6 broad axe "Kunir" (weapon) {protect, *Rage rPois Dex+4}
   (Okawaru gifted it to you on level 8 of the Dungeon)

   It protects the one who uses it against injury (+AC on strike).
   It affects your dexterity (+4).
   It protects you from poison.
   It may make you go berserk in combat.
 X - a +0 blowgun
Missiles
 a - 11 curare-tipped needles
 d - 5 throwing nets
 o - 51 sling bullets
 G - 15 tomahawks (quivered)
 N - 3 silver javelins
 V - 5 steel javelins
 Y - 9 poisoned needles
Armour
 w - a +2 chain mail of cold resistance
 B - the cursed +0 leather armour "Ickan" (worn) {Str+4 Dex+6}
   (You found it on level 10 of the Dungeon)

   It affects your strength (+4).
   It affects your dexterity (+6).
   It has a curse placed upon it.
 Z - a +0 pair of boots (worn)
Jewellery
 c - a ring of poison resistance (right hand)
 p - a +3 ring of strength (left hand)
 D - an uncursed ring of fire
 M - an uncursed ring of flight
 S - an uncursed ring of ice
Wands
 v - a wand of enslavement (15)
 C - a wand of iceblast (4)
 E - a wand of paralysis (37)
 O - a wand of clouds (5)
 W - a wand of flame (23)
Scrolls
 e - 2 scrolls of enchant armour
 i - 4 scrolls of magic mapping {unknown}
 j - 3 scrolls of teleportation {unknown}
 k - 10 scrolls of identify
 l - a scroll of amnesia
 n - 3 scrolls of remove curse
 r - 3 scrolls of blinking {unknown}
 u - a scroll of fear {unknown}
 A - a scroll of random uselessness {unknown}
 H - 4 scrolls of immolation {unknown}
 J - 2 scrolls of acquirement {unknown}
Potions
 b - 2 potions of haste
 g - 2 potions of mutation
 m - a potion of degeneration {unknown}
 q - a potion of lignification {unknown}
 s - 2 potions of agility
 x - 2 potions of might {unknown}
 z - 2 potions of invisibility
 L - 2 potions of ambrosia {unknown}
 Q - a potion of curing
 T - 3 potions of brilliance {unknown}
Books
 t - a book of Cantrips

   Spells                             Type                      Level
   a - Confusing Touch                Hexes                        1
   b - Animate Skeleton               Necromancy                   1
   c - Summon Small Mammal            Summoning                    1
   d - Apportation                    Translocation                1
Comestibles
 f - 17 rations


   Skills:
 + Level 8.0 Fighting
 + Level 12.4 Axes
 + Level 2.6 Throwing
 + Level 7.9 Armour
 + Level 5.2 Dodging
 + Level 3.9 Stealth
 + Level 0.1 Evocations


You had 9 spell levels left.
You knew the following spells:

 Your Spells              Type           Power        Failure   Level  Hunger
a - Apportation           Tloc           #.....       38%         1    ##.....


Dungeon Overview and Level Annotations

Branches:
Dungeon (11/15)            Temple (1/1) D:4            Lair (0/6) D:9
    Orc (0/2) D:9

Altars:
Ashenzari
Cheibriados
Dithmenos
Elyvilon
Fedhas
Gozag
Hepliaklqana
Kikubaaqudgha
Makhleb
Nemelex Xobeh
Okawaru
Qazlal
Ru
Sif Muna
Trog
Uskayaw
Vehumet
Wu Jian
Xom
Yredelemnul
Zin
The Shining One
Jiyva

Shops:
D:5 }


Innate Abilities, Weirdness & Mutations

You have a pair of small antennae on your head.
You are completely covered in sharp spines.
When hurt, damage is shared between your health and your magic reserves.


Message History

You barely miss the vault guard.
The vault guard is heavily wounded.
The vault guard is struck by your spines.
The vault guard hits you with a great sword!
You slice the vault guard!!
The vault guard is almost dead.
The vault guard hits you with a great sword!
You closely miss the vault guard.
The vault guard is severely wounded.
The vault guard misses you.
You barely miss the vault guard.
The vault guard is severely wounded.
The vault guard hits you with a great sword!
* * * LOW HITPOINT WARNING * * *
The vault guard hits you with a great sword!
* * * LOW HITPOINT WARNING * * *
You barely miss the vault guard.
The vault guard is severely wounded.
The vault guard hits you with a great sword!!
You die...

#.# #.# #.# #.#
#.##+###.#
#.#≈.≈##.#
#.#...##.#
#.#≈.≈ #.#
#.##p# #.#
#.(#@# #.#
#....# #.#
#).### #.# #..#
#.# #..# #.#
#..# #.#
#####..#####.#
..............#
..............#


You could see a vault guard.

Vanquished Creatures
  A queen ant (D:8)
  The ghost of Alex the Basher, a novice MiFi of Okawaru (D:8)
  A wizard (D:11)
  An ugly thing (D:10)
  A gargoyle (D:9)
  A komodo dragon (D:9)
  A troll (D:8)
  A hornet (D:10)
  5 hippogriffs
  Grinder (D:4)
  A wyvern (D:9)
  2 yaks (D:7)
  2 hogs (D:7)
  A human (D:7)
  16 soldier ants
  2 water moccasins
  2 black bears (D:9)
  4 orc warriors (D:9)
  4 ice beasts
  3 phantoms
  6 sky beasts
  2 eyes of draining
  4 ogres
  6 centaurs
  2 big kobolds
  Blork the orc (D:5)
  4 bullfrogs
  3 elf zombies (Ossuary)
  A wyvern zombie (D:7)
  2 scorpions
  14 killer bees
  3 howler monkeys
  3 crimson imps
  A quasit (D:10)
  A centaur zombie (Ossuary)
  2 centaur skeletons
  A jelly (D:10)
  4 orc priests
  5 hounds
  A gnoll shaman (D:7)
  2 human zombies (Ossuary)
  4 iguanas
  8 orc wizards
  34 worker ants
  2 hound skeletons (D:9)
  4 worker ant zombies
  2 mummies (Ossuary)
  18 gnolls
  6 adders
  4 shadow imps
  2 oozes
  3 adder skeletons (D:4)
  3 adder zombies
  2 worms
  5 dart slugs
  4 leopard geckos
  54 orcs
  10 bats
  A giant cockroach (D:2)
  8 goblins
  9 hobgoblins
  12 jackals
  15 kobolds
  4 quokkas
  4 ball pythons
  4 frilled lizards
  2 goblin zombies (Ossuary)
  13 hobgoblin zombies (Ossuary)
  A jackal zombie (Ossuary)
  6 kobold zombies (Ossuary)
  A leopard gecko skeleton (D:6)
  6 orc zombies (Ossuary)
  A quokka skeleton (D:8)
  4 rats
  A rat zombie (Ossuary)
  A plant (D:1)
377 creatures vanquished.

Vanquished Creatures (others)
  2 plants (D:9)
2 creatures vanquished.

Grand Total: 379 creatures vanquished

Notes
Turn   | Place    | Note
-------+----------+-------------------------------------------
     0 | D:1      | slep the Demonspawn Gladiator began the quest for the Orb.
     0 | D:1      | Reached XP level 1. HP: 16/16 MP: 1/1
   147 | D:1      | Gained mutation: You are partially covered in sharp spines. [demonic ancestry]
   147 | D:1      | Reached XP level 2. HP: 22/22 MP: 2/2
   308 | D:1      | Reached skill level 3 in Axes
   818 | D:1      | Gained mutation: When hurt, damage is shared between your health and your magic reserves. [demonic ancestry]
   818 | D:1      | Reached XP level 3. HP: 21/27 MP: 3/3
  1241 | D:2      | Found an opulent altar of Gozag.
  1345 | D:2      | Found a radiant altar of Vehumet.
  1346 | D:2      | Found a blossoming altar of Fedhas.
  1719 | D:3      | Reached XP level 4. HP: 16/34 MP: 4/4
  1734 | D:3      | Learned a level 1 spell: Apportation
  1744 | D:3      | Reached skill level 1 in Armour
  1747 | D:3      | Reached skill level 4 in Axes
  1749 | D:3      | Gained mutation: You have a pair of small antennae on your head. [demonic ancestry]
  1749 | D:3      | Reached XP level 5. HP: 6/39 MP: 1/5
  2152 | D:3      | Found a bloodstained altar of Trog.
  2369 | D:3      | Found a sacrificial altar of Ru.
  2370 | D:3      | Found a hide-covered altar of Uskayaw.
  2864 | D:4      | Reached XP level 6. HP: 28/47 MP: 4/6
  2880 | D:4      | Found a staircase to the Ecumenical Temple.
  2885 | D:4      | Noticed Blork the orc
  2915 | D:5      | Entered Level 5 of the Dungeon
  2934 | Temple   | Entered the Ecumenical Temple
  2953 | Temple   | Became a worshipper of Warmaster Okawaru
  3256 | D:4      | Reached skill level 5 in Axes
  3256 | D:4      | Reached skill level 1 in Stealth
  3281 | D:4      | Found a blossoming altar of Fedhas.
  3303 | D:4      | Noticed Grinder
  3312 | D:4      | Killed Grinder
  3312 | D:4      | Reached * piety under Okawaru
  3312 | D:4      | Gained mutation: You are mostly covered in sharp spines. [demonic ancestry]
  3312 | D:4      | Reached XP level 7. HP: 31/52 MP: 7/7
  3453 | D:4      | Found a snail-covered altar of Cheibriados.
  3697 | D:4      | Found a shadowy altar of Dithmenos.
  3702 | D:4      | Reached skill level 6 in Axes
  3868 | D:5      | Killed Blork the orc
  3869 | D:5      | Found Unasated's Gadget Boutique.
  4241 | D:6      | Gained mutation: You are completely covered in sharp spines. [demonic ancestry]
  4241 | D:6      | Reached XP level 8. HP: 45/60 MP: 6/8
  4325 | D:6      | Reached ** piety under Okawaru
  4334 | D:6      | Reached skill level 7 in Axes
  4506 | D:6      | Found an ornate altar of the Wu Jian Council.
  4645 | D:6      | Found a deep blue altar of Sif Muna.
  4865 | D:7      | Noticed a hippogriff
  4872 | D:7      | Killed a hippogriff
  4872 | D:7      | Reached skill level 8 in Axes
  4876 | D:7      | Reached *** piety under Okawaru
  4876 | D:7      | Reached XP level 9. HP: 60/67 MP: 9/9
  4921 | D:7      | Reached skill level 5 in Fighting
  5574 | D:7      | Reached skill level 5 in Armour
  5578 | D:7      | Reached skill level 9 in Axes
  5583 | D:7      | Reached **** piety under Okawaru
  5731 | D:8      | Noticed Alex's ghost (novice MiFi)
  5744 | D:8      | Killed Alex's ghost
  5744 | D:8      | Reached XP level 10. HP: 42/76 MP: 4/10
  6359 | D:8      | Reached skill level 10 in Axes
  6368 | D:8      | Reached ***** piety under Okawaru
  6387 | D:8      | Found a sand-covered staircase.
  6511 | Ossuary  | Entered an ossuary
  6801 | Ossuary  | Received a gift from Okawaru
  6908 | D:8      | Received a gift from Okawaru
  6909 | D:8      | Got a pitted broad axe {god gift}
  6924 | D:8      | Identified the +6 broad axe "Kunir" {protect, *Rage rPois Dex+4} (Okawaru gifted it to you on level 8 of the Dungeon)
  7326 | D:8      | Noticed a queen ant
  7338 | D:8      | Killed a queen ant
  7338 | D:8      | Reached skill level 11 in Axes
  7350 | D:8      | Reached XP level 11. HP: 76/83 MP: 11/11
  7537 | D:8      | Reached skill level 5 in Dodging
  7967 | D:9      | Found a staircase to the Lair.
  8015 | D:9      | Found a glowing silver altar of Zin.
  8053 | D:9      | Received a gift from Okawaru
  8145 | D:9      | Received a gift from Okawaru
  8420 | D:9      | Found a glowing golden altar of the Shining One.
  8557 | D:9      | Found a staircase to the Orcish Mines.
  8596 | D:9      | Reached skill level 12 in Axes
  8685 | D:10     | Entered Level 10 of the Dungeon
  8763 | D:10     | Noticed a red ugly thing
  8770 | D:10     | Killed a red ugly thing
  8804 | D:10     | Received a gift from Okawaru
  8805 | D:10     | Got an iridescent broad axe {god gift}
  8806 | D:10     | Identified the +1 broad axe "Saclush" {chop, MR+} (Okawaru gifted it to you on level 10 of the Dungeon)
  8856 | D:10     | Got a smoking leather armour
  8867 | D:10     | Identified the cursed +0 leather armour "Ickan" {Str+4 Dex+6} (You found it on level 10 of the Dungeon)
  9057 | D:10     | Found a sacrificial altar of Ru.
  9291 | D:11     | Noticed a wizard
  9298 | D:11     | Killed a wizard
  9363 | D:11     | Found an ancient bone altar of Kikubaaqudgha.
  9436 | D:11     | Noticed a vault guard
  9451 | D:11     | Demolished by a vault guard

Vault maps used:
D:1:      minmay_arrival_radiant_lines, serial_forest,
          infiniplex_forest_lined_2, infiniplex_forest_3_way,
          infiniplex_forest_lined_4_way, infiniplex_forest_end_1,
          infiniplex_forest_clump_medium, infiniplex_forest_zigzag_2,
          infiniplex_forest_corner_2, infiniplex_forest_lined_corner
D:2:      grunt_temple_overflow_open, nrook_mini_vaults, grunt_gozag_breadcrumbs
D:3:      nicolae_overflow_crystal_walls, gammafunk_temple_overflow_pools,
          serial_co_window_serial, co_window_paths_a,
          co_window_of_opportunity_a, co_window_cross_1,
          co_window_of_opportunity_a, co_window_corner_a, co_window_corner_a,
          co_window_broadway_a, co_window_of_opportunity_c,
          co_window_unsneaky_path_d, co_window_unsneaky_path_c,
          co_window_corner_ca, glass_columns_b, minivault_19
D:4:      lemuel_coloured_pillars_altar, cheibriados_altar_1,
          minmay_temple_entry_statues_fountains, first_ration, fedhas_altar_1,
          uniq_blork_the_orc, uniq_grinder
D:5:      serial_glass, glass_columns_c, glass_columns_c, glass_columns_c,
          glass_columns_a, glass_columns_a, glass_columns_a, glass_columns_a,
          glass_columns_b, glass_columns_b, glass_columns_a, glass_columns_b,
          glass_columns_a, glass_columns_a, glass_columns_a, serial_shops, shop
D:6:      overflow_temple_1_default, lemuel_doored_altar
D:7:      grunt_livestock, minivault_19, hex_tiny
D:8:      nicolae_ossuary_entry_plus, zaba_anthell
D:9:      zin_statuary, kennysheep_little_box, david_lair_shrubbed, orc_0_dummy,
          special_room
D:10:     roderic_lattice_a, corner_web_ring, nicolae_ru_path_of_blood
D:11:     basic_altar, enter_trove_5
Temple:   pf_slimified_temple
Ossuary:  ossuary_tomb_1

Skill      XL: |  1  2  3  4  5  6  7  8  9 10 11 |
---------------+----------------------------------+-----
Dodging        | 3 4 5 |  5.2
Axes           | 3 4 5 6 8 9 11 12 | 12.4
Throwing       | 2 |  2.6
Armour         | 1 2 3 4 6 7 |  7.9
Fighting       | 3 4 5 6 8 |  8.0
Stealth        | 1 2 3 |  3.9
Evocations     | |  0.1

Action                   |  1- 3 |  4- 6 |  7- 9 | 10-12 || total
-------------------------+-------+-------+-------+-------++-------
Melee: War axe           |    96 |    12 |       |       ||   108
       Battleaxe         |       |    78 |    91 |       ||   169
       Hand axe          |       |       |   108 |   179 ||   287
       Broad axe         |       |       |       |   275 ||   275
Throw: Throwing net      |       |     1 |       |       ||     1
       Tomahawk          |       |       |       |    12 ||    12
Evoke: Wand              |       |     1 |       |       ||     1
  Use: Scroll            |       |       |     6 |       ||     6
       Potion            |       |       |     2 |     4 ||     6
 Stab: Paralysed         |       |     6 |       |       ||     6
       Invisible         |       |       |     4 |       ||     4
       Sleeping          |       |       |       |     3 ||     3
  Eat: Chunk             |     3 |     5 |     8 |    11 ||    27
Armor: Leather armour    |    14 |     1 |       |     6 ||    21
       Chain mail        |       |    39 |    70 |   154 ||   263
       Ring mail         |       |       |    16 |       ||    16
Dodge: Dodged            |    56 |    34 |   108 |   207 ||   405

Table legend:
 A = Spawn XP
 B = Non-spawn XP
 C = Spawn XP percentage of total XP
 D = Spawn monster count
 E = Non-spawn monster count
 F = Spawn count percentage of total count
 G = Total turns spent on level
                    A         B        C        D         E        F      G
               +---------+---------+-------+---------+---------+-------+---------
         Total |       0 |   19159 |   0.0 |       0 |     376 |   0.0 |  9451
               +---------+---------+-------+---------+---------+-------+---------
           D:1 |       0 |      43 |   0.0 |       0 |      19 |   0.0 |  1071
           D:2 |       0 |      35 |   0.0 |       0 |      19 |   0.0 |   638
           D:3 |       0 |     282 |   0.0 |       0 |      31 |   0.0 |  1137
           D:4 |       0 |     711 |   0.0 |       0 |      16 |   0.0 |   738
           D:5 |       0 |     317 |   0.0 |       0 |      14 |   0.0 |   391
           D:6 |       0 |     766 |   0.0 |       0 |      25 |   0.0 |   473
           D:7 |       0 |    2687 |   0.0 |       0 |      47 |   0.0 |  1303
           D:8 |       0 |    7345 |   0.0 |       0 |      80 |   0.0 |  1549
           D:9 |       0 |    3742 |   0.0 |       0 |      65 |   0.0 |   816
          D:10 |       0 |    1550 |   0.0 |       0 |      14 |   0.0 |   606
          D:11 |       0 |    1207 |   0.0 |       0 |       7 |   0.0 |   160
       Ossuary |       0 |     474 |   0.0 |       0 |      39 |   0.0 |   309
               +---------+---------+-------+---------+---------+-------+---------
